[ AOE2 MATCH · #494282454 ]
UnrankedDravidians vs Chinese
Player's team · LOSS
Rival team · WIN
[ REPLAY ANALYSIS · EXTRACTED FROM THE RECORDED GAME ]
Feudal
10:36
Castle
14:10
Imperial
37:02
| APM avg | 104.3 |
| APM peak | 181 |
| eAPM avg | 67.3 |
| Villagers / military | 165 / 94 |
Focus
⚔️ 56.8% · 🌾 43.2%
Skirmisher ×76 · Fishing Ship ×7 · Urumi Swordsman ×7 · Mangonel ×5 · Spearman ×3 · Trebuchet (Packed) ×2
Feudal
8:56
Castle
13:06
Imperial
34:54
| APM avg | 69.0 |
| APM peak | 120 |
| eAPM avg | 33.3 |
| Villagers / military | 115 / 97 |
Focus
⚔️ 38.1% · 🌾 61.9%
Chu Ko Nu ×80 · Fishing Ship ×9 · Iron Pagoda ×6 · Monk ×5 · Trebuchet (Packed) ×5 · Battering Ram ×1
Match map
Initial resources + every placement click. Lines = walls · curves = elevation contours. ◆ gold · ⬟ stone · ● berries · ✦ relic · ◌ wall gap
Your base· Open — unwalled flank
CN_Dauh's base· Open — unwalled flank
Smoothed initial terrain · ◌ = detected wall gap · hover for details
Inputs per minute
— Fukoti - - CN_Dauh
Build order — Fukoti
First 150 of 382 actions detected
| 0:31 | Build | Town Center |
| 1:32 | Queue | Villager (Male) |
| 1:33 | Queue | Villager (Male) |
| 1:33 | Queue | Villager (Male) |
| 1:33 | Queue | Villager (Male) |
| 1:33 | Queue | Villager (Male) |
| 1:39 | Build | House |
| 1:42 | Build | House |
| 1:43 | Research | Loom |
| 1:44 | Research | Loom |
| 1:56 | Queue | Villager (Male) |
| 1:56 | Queue | Villager (Male) |
| 1:57 | Queue | Villager (Male) |
| 1:57 | Queue | Villager (Male) |
| 1:57 | Queue | Villager (Male) |
| 2:13 | Build | House |
| 2:41 | Build | House |
| 3:04 | Queue | Villager (Male) |
| 3:05 | Queue | Villager (Male) |
| 3:08 | Queue | Villager (Male) |
| 3:08 | Queue | Villager (Male) |
| 3:08 | Queue | Villager (Male) |
| 3:10 | Queue | Villager (Male) |
| 3:10 | Queue | Villager (Male) |
| 3:11 | Queue | Villager (Male) |
| 3:39 | Build | House |
| 4:05 | Build | Dock |
| 4:28 | Build | House |
| 5:00 | Queue | Fishing Ship |
| 5:02 | Build | House |
| 5:28 | Build | House |
| 5:44 | Queue | Villager (Male) |
| 5:47 | Queue | Fishing Ship |
| 5:47 | Queue | Fishing Ship |
| 6:25 | Build | House |
| 6:26 | Queue | Villager (Male) |
| 6:29 | Queue | Fishing Ship |
| 7:03 | Queue | Villager (Male) |
| 7:06 | Queue | Fishing Ship |
| 7:07 | Queue | Fishing Ship |
| 7:26 | Queue | Villager (Male) |
| 7:47 | Build | Mining Camp |
| 7:57 | Queue | Villager (Male) |
| 8:16 | Research | Feudal Age |
| 8:16 | Research | Feudal Age |
| 8:33 | Queue | Fishing Ship |
| 9:25 | Build | Barracks |
| 9:29 | Queue | Villager (Male) |
| 9:29 | Queue | Villager (Male) |
| 10:36 | Age | Feudal Age |
| 10:39 | Build | Archery Range |
| 10:40 | Build | Blacksmith |
| 11:11 | Build | Lumber Camp |
| 11:30 | Research | Castle Age |
| 11:31 | Research | Castle Age |
| 11:31 | Research | Castle Age |
| 11:35 | Queue | Skirmisher |
| 11:41 | Research | Double-Bit Axe |
| 11:41 | Research | Double-Bit Axe |
| 11:52 | Queue | Villager (Male) |
| 11:53 | Queue | Skirmisher |
| 12:03 | Queue | Skirmisher |
| 12:13 | Research | Fletching |
| 12:14 | Research | Fletching |
| 12:16 | Queue | Spearman |
| 12:49 | Build | Archery Range |
| 12:51 | Queue | Skirmisher |
| 12:53 | Research | Padded Archer Armor |
| 12:53 | Research | Padded Archer Armor |
| 12:58 | Queue | Spearman |
| 13:31 | Queue | Skirmisher |
| 13:34 | Queue | Skirmisher |
| 13:36 | Queue | Spearman |
| 14:10 | Age | Castle Age |
| 14:11 | Build | Town Center |
| 14:13 | Queue | Villager (Male) |
| 14:17 | Research | Bodkin Arrow |
| 14:17 | Research | Bodkin Arrow |
| 14:23 | Build | Town Center |
| 14:24 | Queue | Villager (Male) |
| 14:36 | Queue | Skirmisher |
| 14:37 | Queue | Villager (Male) |
| 14:41 | Research | Bow Saw |
| 14:41 | Research | Bow Saw |
| 14:45 | Queue | Villager (Male) |
| 14:46 | Queue | Villager (Male) |
| 15:03 | Queue | Skirmisher |
| 15:04 | Queue | Skirmisher |
| 15:15 | Queue | Villager (Male) |
| 15:29 | Queue | Villager (Male) |
| 15:41 | Queue | Villager (Male) |
| 15:41 | Queue | Villager (Male) ×2 |
| 15:41 | Queue | Villager (Male) |
| 15:55 | Queue | Villager (Male) |
| 15:56 | Queue | Villager (Male) |
| 15:58 | Build | Barracks |
| 16:02 | Build | Mill |
| 16:28 | Queue | Villager (Male) ×3 |
| 16:29 | Queue | Villager (Male) ×3 |
| 16:41 | Queue | Villager (Male) ×3 |
| 16:41 | Queue | Villager (Male) ×3 |
| 16:43 | Build | Farm |
| 16:45 | Build | Farm |
| 16:52 | Build | Farm |
| 16:54 | Build | Farm |
| 16:56 | Queue | Villager (Male) |
| 16:56 | Queue | Villager (Male) |
| 17:00 | Build | Farm |
| 17:01 | Build | Farm |
| 17:02 | Build | Farm |
| 17:18 | Queue | Villager (Male) |
| 17:20 | Build | Farm |
| 17:23 | Build | Farm |
| 17:24 | Build | Farm |
| 17:55 | Queue | Skirmisher |
| 17:55 | Queue | Skirmisher |
| 18:02 | Build | Watch Tower |
| 18:04 | Research | Town Watch |
| 18:07 | Queue | Skirmisher |
| 18:08 | Research | Elite Skirmisher (upgrade) |
| 18:08 | Research | Elite Skirmisher (upgrade) |
| 18:08 | Research | Elite Skirmisher (upgrade) |
| 18:12 | Build | House |
| 18:13 | Build | House |
| 18:21 | Queue | Villager (Male) |
| 18:25 | Build | Market |
| 18:29 | Build | House |
| 18:33 | Research | Leather Archer Armor |
| 18:34 | Research | Leather Archer Armor |
| 18:34 | Research | Leather Archer Armor |
| 18:36 | Queue | Skirmisher |
| 18:36 | Queue | Skirmisher |
| 18:46 | Build | House |
| 18:52 | Queue | Villager (Male) ×3 |
| 18:52 | Queue | Villager (Male) ×3 |
| 18:59 | Research | Elite Skirmisher (upgrade) |
| 18:59 | Research | Elite Skirmisher (upgrade) |
| 19:05 | Build | Watch Tower |
| 19:37 | Build | Mining Camp |
| 19:57 | Queue | Villager (Male) |
| 19:57 | Queue | Villager (Male) |
| 19:57 | Queue | Villager (Male) |
| 19:58 | Queue | Villager (Male) |
| 20:25 | Queue | Villager (Male) |
| 20:25 | Queue | Villager (Male) |
| 20:37 | Queue | Villager (Male) |
| 20:46 | Build | House |
| 20:47 | Build | House |
| 21:11 | Queue | Villager (Male) ×5 |
| 21:16 | Build | Castle |
Build order — CN_Dauh
First 150 of 322 actions detected
| 0:08 | Build | Town Center |
| 1:41 | Research | Loom |
| 1:53 | Build | House |
| 2:10 | Queue | Villager (Male) |
| 2:34 | Queue | Villager (Male) |
| 2:48 | Queue | Villager (Male) |
| 3:08 | Queue | Villager (Male) |
| 3:17 | Build | House |
| 3:20 | Queue | Villager (Male) |
| 3:29 | Build | House |
| 3:47 | Queue | Villager (Male) |
| 4:16 | Queue | Villager (Male) |
| 4:35 | Build | Lumber Camp |
| 5:05 | Queue | Villager (Male) |
| 5:26 | Build | Lumber Camp |
| 5:29 | Build | Mill |
| 5:29 | Queue | Villager (Male) |
| 5:35 | Build | House |
| 5:54 | Queue | Villager (Male) |
| 6:16 | Queue | Villager (Male) |
| 6:38 | Build | Dock |
| 6:42 | Research | Feudal Age |
| 7:16 | Queue | Fishing Ship |
| 7:38 | Build | Mining Camp |
| 8:17 | Queue | Villager (Male) |
| 8:18 | Queue | Villager (Male) |
| 8:33 | Queue | Fishing Ship |
| 8:56 | Age | Feudal Age |
| 8:57 | Build | Blacksmith |
| 9:07 | Build | Market |
| 9:09 | Queue | Villager (Male) |
| 9:43 | Queue | Fishing Ship |
| 10:24 | Build | Mining Camp |
| 10:26 | Research | Castle Age |
| 11:04 | Queue | Fishing Ship |
| 11:12 | Build | House |
| 11:31 | Research | Double-Bit Axe |
| 12:29 | Queue | Fishing Ship |
| 12:56 | Research | Fletching |
| 13:06 | Age | Castle Age |
| 13:09 | Build | Castle |
| 13:10 | Queue | Villager (Male) |
| 13:14 | Queue | Fishing Ship |
| 13:21 | Build | Monastery |
| 13:38 | Queue | Villager (Male) |
| 14:04 | Queue | Villager (Male) |
| 14:05 | Queue | Monk |
| 14:11 | Queue | Chu Ko Nu |
| 14:11 | Queue | Chu Ko Nu |
| 14:13 | Build | Mining Camp |
| 14:28 | Queue | Fishing Ship |
| 14:50 | Queue | Villager (Male) |
| 14:52 | Queue | Chu Ko Nu |
| 15:08 | Queue | Monk |
| 15:12 | Queue | Villager (Male) |
| 15:32 | Queue | Villager (Male) |
| 15:43 | Build | Town Center |
| 16:01 | Queue | Villager (Male) |
| 16:26 | Queue | Villager (Male) |
| 16:30 | Queue | Chu Ko Nu |
| 16:42 | Queue | Chu Ko Nu |
| 16:43 | Queue | Villager (Male) |
| 17:00 | Queue | Villager (Male) |
| 17:04 | Queue | Villager (Male) |
| 17:09 | Research | Bodkin Arrow |
| 17:09 | Research | Bodkin Arrow |
| 17:13 | Queue | Villager (Male) |
| 17:24 | Queue | Chu Ko Nu |
| 17:24 | Queue | Chu Ko Nu |
| 17:42 | Queue | Villager (Male) |
| 17:54 | Queue | Villager (Male) |
| 18:20 | Queue | Fishing Ship |
| 18:21 | Queue | Villager (Male) |
| 18:25 | Queue | Chu Ko Nu |
| 18:34 | Queue | Villager (Male) |
| 18:58 | Build | Castle |
| 19:03 | Queue | Chu Ko Nu |
| 19:13 | Queue | Villager (Male) |
| 19:13 | Queue | Chu Ko Nu |
| 19:30 | Queue | Villager (Male) |
| 19:38 | Queue | Villager (Male) |
| 19:44 | Build | Lumber Camp |
| 19:52 | Queue | Fishing Ship |
| 19:56 | Queue | Villager (Male) |
| 20:10 | Queue | Monk |
| 20:15 | Queue | Villager (Male) |
| 20:19 | Queue | Chu Ko Nu |
| 20:19 | Queue | Chu Ko Nu |
| 20:19 | Queue | Chu Ko Nu |
| 20:20 | Queue | Chu Ko Nu |
| 20:34 | Build | Siege Workshop |
| 20:37 | Research | Padded Archer Armor |
| 20:53 | Build | Town Center |
| 21:02 | Queue | Villager (Male) |
| 21:06 | Queue | Chu Ko Nu |
| 21:06 | Queue | Chu Ko Nu |
| 21:28 | Research | Leather Archer Armor |
| 21:28 | Research | Leather Archer Armor |
| 21:30 | Queue | Iron Pagoda |
| 21:31 | Queue | Iron Pagoda |
| 21:32 | Queue | Villager (Male) |
| 21:39 | Queue | Villager (Male) |
| 21:45 | Queue | Villager (Male) |
| 21:53 | Queue | Chu Ko Nu |
| 21:55 | Queue | Chu Ko Nu |
| 21:55 | Queue | Chu Ko Nu |
| 21:58 | Queue | Chu Ko Nu |
| 21:58 | Queue | Chu Ko Nu |
| 21:58 | Queue | Villager (Male) |
| 22:10 | Queue | Villager (Male) |
| 22:14 | Queue | Monk |
| 22:18 | Queue | Chu Ko Nu |
| 22:19 | Queue | Chu Ko Nu |
| 22:19 | Queue | Villager (Male) |
| 22:29 | Build | House |
| 22:30 | Build | Palisade Wall |
| 22:34 | Queue | Villager (Male) |
| 22:36 | Queue | Villager (Male) |
| 22:37 | Queue | Chu Ko Nu |
| 22:40 | Queue | Chu Ko Nu |
| 22:51 | Queue | Villager (Male) |
| 22:54 | Queue | Villager (Male) |
| 23:13 | Queue | Monk |
| 23:20 | Queue | Iron Pagoda |
| 23:22 | Queue | Villager (Male) |
| 23:32 | Queue | Villager (Male) |
| 23:33 | Queue | Villager (Male) |
| 23:36 | Build | Farm |
| 23:36 | Build | Farm |
| 23:36 | Build | Farm |
| 23:36 | Build | Farm |
| 23:36 | Build | Farm |
| 23:37 | Build | Farm |
| 23:42 | Research | Horse Collar |
| 23:54 | Build | University |
| 23:59 | Queue | Villager (Male) |
| 23:59 | Queue | Villager (Male) |
| 23:59 | Queue | Villager (Male) |
| 24:01 | Queue | Chu Ko Nu |
| 24:01 | Queue | Chu Ko Nu |
| 24:06 | Queue | Villager (Male) |
| 24:07 | Queue | Chu Ko Nu |
| 24:07 | Queue | Chu Ko Nu |
| 24:07 | Queue | Chu Ko Nu |
| 24:21 | Build | Fish Trap |
| 24:42 | Build | Mill |
| 24:55 | Queue | Chu Ko Nu |
| 24:55 | Queue | Chu Ko Nu |
| 25:32 | Build | Lumber Camp |
| 25:47 | Build | Town Center |
Match timeline
| 4:05 | Fukoti · first_building Dock |
| 6:38 | CN_Dauh · first_building Dock |
| 8:56 | CN_Dauh · age_up feudal |
| 9:25 | Fukoti · first_building Barracks |
| 10:36 | Fukoti · age_up feudal |
| 10:39 | Fukoti · first_building Archery Range |
| 13:06 | CN_Dauh · age_up castle |
| 13:09 | CN_Dauh · first_building Castle |
| 13:21 | CN_Dauh · first_building Monastery |
| 14:10 | Fukoti · age_up castle |
| 15:08 | CN_Dauh · first_market_sell 100 stone |
| 18:02 | CN_Dauh · first_market_buy 100 stone |
| 20:34 | CN_Dauh · first_building Siege Workshop |
| 20:44 | Fukoti · first_market_buy 100 wood |
| 21:16 | Fukoti · first_building Castle |
| 22:30 | CN_Dauh · wall_segment Palisade Wall x1 |
| 24:30 | Fukoti · first_market_sell 100 food |
| 24:32 | Fukoti · first_building Siege Workshop |
| 34:04 | Fukoti · first_building Monastery |
| 34:54 | CN_Dauh · age_up imperial |
| 36:38 | CN_Dauh · first_building Barracks |
| 37:02 | Fukoti · age_up imperial |
| 37:37 | CN_Dauh · first_building Archery Range |
| 39:58 | Fukoti · resign |
[ AI ANALYSIS · 1 CREDIT ]
What really happened in this match?
Wolo.gg analyzes every decision: build order, eco, micro, common mistakes by bracket. Personalized analysis on WhatsApp or Discord in 30 seconds.
Civ guide
Dravidians
Perfil
Jugador #262959